 Dungeon Crawl Stone Soup version 0.14-a0-586-g2535b90 (webtiles) character file.

362 PolkaDot the Poker (level 5, 0/41 HPs)
             Began as a Merfolk Gladiator on Nov 4, 2013.
             Killed from afar by ark's ghost (4 damage)
             ... with a rocky blast
             ... on Level 3 of the Dungeon.
             The game lasted 00:05:56 (1918 turns).

PolkaDot the Poker (Merfolk Gladiator)              Turns: 1918, Time: 00:05:57

HP   0/41        AC  4     Str 15      XL: 5   Next: 59%
MP   4/4         EV 19     Int  4 (7)  God:
Gold 183         SH  0     Dex 21      Spells:  0 memorised,  4 levels left

Res.Fire  : + . .   See Invis. : .   a - +0 trident
Res.Cold  : + . .   Warding    : .   b - +0 leather armour
Life Prot.: . . .   Conserve   : .   (no shield)
Res.Poison: +       Res.Corr.  : .   c - +0 helmet
Res.Elec. : +       Clarity    : .   (no cloak)
Sust.Abil.: . .     Spirit.Shd : .   (no gloves)
Res.Mut.  : .       Stasis     : .   (no boots)
Res.Rott. : .       Flight     : .   (no amulet)
Saprovore : . . .                    (no ring)
                                     n - ring of protection from magic {unknown}

@: agile, somewhat resistant to hostile enchantments, stealthy
A: change form in water, swift swim
a: no special abilities


You were on level 3 of the Dungeon.
You were not hungry.

You visited 1 branch of the dungeon, and saw 3 of its levels.

You collected 183 gold pieces.

Inventory:

Hand weapons
 a - a +0,+0 trident (weapon)
Missiles
 d - 3 throwing nets (quivered)
Armour
 b - a +0 leather armour (worn)
 c - a +0 helmet (worn)
Magical devices
 m - a wand of slowing (6)
Comestibles
 f - 2 bread rations
 r - a chunk of bat flesh
 v - a chunk of quokka flesh
 x - a chunk of bat flesh
Scrolls
 g - a scroll of amnesia {unknown}
 h - 2 scrolls of remove curse {unknown}
 i - a scroll of enchant armour {unknown}
 j - a scroll of fog
 l - 3 scrolls of recharging {unknown}
 p - 2 scrolls of teleportation {unknown}
 s - a scroll of blinking {unknown}
 t - a scroll of magic mapping {unknown}
 w - a scroll of identify {unknown}
Jewellery
 n - a ring of protection from magic (left hand) {unknown}
Potions
 e - 2 potions of agility


   Skills:
 + Level 3.2 Fighting
 + Level 5.9 Polearms
 - Level 2.0 Throwing
 * Level 2.6 Armour
 - Level 4.0 Dodging


You had 4 spell levels left.
You didn't know any spells.

Dungeon Overview and Level Annotations

Branches:
Dungeon (3/27)

Altars:
Vehumet

Annotations:
D:3 Jessica; ark's ghost, weakling TrEE


Message History

The rocky blast hits you!
You hit ark's ghost but do no damage.
Ark's ghost is moderately damaged.
Ark's ghost hits you!
You hit ark's ghost but do no damage.
Ark's ghost is moderately damaged.
Jessica misses you. Ark's ghost hits you!
* * * LOW HITPOINT WARNING * * *
Read which item? (? for menu, Esc to quit)
As you read the scroll labeled WAIKORIGOH, it crumbles to dust.
The scroll dissolves into smoke.
It was a scroll of fog.
Jessica mumbles some strange words.
Jessica blinks!
Ark's ghost keens inconsolably.
Ark's ghost closely misses you.
Jessica mumbles something strange.
Jessica misses you. Ark's ghost casts a spell at you. The rocky blast hits you!
You die...

### ### #.# #.# #.#
#.# #.# #.# #.# #§#
#.# #@# . #####.#
#@# .. ......# #§#
.. #####># #p# .#
#.# #§# .#
#.##########.#####.#
#..................#
#.##########.......#
#####.# #%......#
......# #....?..#


You could see ark's ghost and Jessica.

Vanquished Creatures
  A hound (D:3)
  A jelly (D:3)
  4 adders
  A giant mite (D:2)
  2 worms (D:2)
  An ooze (D:3)
  A ball python (D:1)
  9 bats
  4 giant cockroaches
  7 hobgoblins
  4 jackals (D:2)
  A quokka (D:3)
  3 giant newts
  4 goblins
  9 kobolds
  9 rats
61 creatures vanquished.

Notes
Turn   | Place    | Note
--------------------------------------------------------------
     0 | D:1      | PolkaDot, the Merfolk Gladiator, began the quest for the Orb.
     0 | D:1      | Reached XP level 1. HP: 17/17 MP: 0/0
    69 | D:1      | Reached XP level 2. HP: 20/23 MP: 1/1
    92 | D:1      | Reached skill level 1 in Armour
   727 | D:2      | Reached XP level 3. HP: 20/28 MP: 2/2
   764 | D:2      | Found a radiant altar of Vehumet.
   950 | D:2      | Reached skill level 5 in Polearms
  1063 | D:2      | Reached XP level 4. HP: 30/35 MP: 3/3
  1624 | D:3      | Reached XP level 5. HP: 29/40 MP: 4/4
  1896 | D:3      | Noticed ark's ghost (weakling TrEE)
  1899 | D:3      | Noticed Jessica
  1918 | D:3      | Killed from afar by ark's ghost

Action                   |  1- 3 |  4- 6 || total
-------------------------+-------+-------++-------
Melee: Trident           |   127 |   112 ||   239
Evoke: Wand              |       |     1 ||     1
  Use: Potion            |       |     4 ||     4
       Scroll            |       |     1 ||     1
 Stab: Sleeping          |       |     1 ||     1
